| TOP OF THE 1ST |
|
New Orleans Zephyrs batting - Pitching for Albuquerque Isotopes : RHP Jason Hamlyn
|
|
Pitching: RHP Jason Hamlyn
|
|
|
Pinch Hitting: RHB Gavin Helton
|
0-0: Called Strike 0-1: Ball 1-1: Ball 2-1: Foul Ball, location: 2F 2-2: Foul Ball, location: 2F 2-2: Strikes out swinging
|
|
Batting: SHB Ramon Martinez
|
0-0: Ball 1-0: Ground out 5-3 (Groundball, 6, EV 83.8 MPH)
|
|
Batting: RHB Alex Gomez
|
0-0: Called Strike 0-1: Ball 1-1: Ball 2-1: SINGLE (Groundball, 6S, EV 64.4 MPH) (infield hit)
|
|
Batting: RHB Chris Lee
|
0-0: Called Strike Alex Gomez steals 2nd base 0-1: Foul Ball, location: 2F 0-2: Ball 1-2: Ball 2-2: Foul Ball, location: 2F 2-2: Ground out 6-3 (Groundball, 6, EV 108.8 MPH)
|
| Top of the 1st over - 0 runs, 1 hit, 0 errors, 1 left on base; New Orleans 0 - Albuquerque 0 |
| BOTTOM OF THE 1ST |
|
Albuquerque Isotopes batting - Pitching for New Orleans Zephyrs : RHP Chris Funderburg
|
|
Pitching: RHP Chris Funderburg
|
|
|
Now at 3B: Gavin Helton
|
|
|
Batting: LHB Tony Morales
|
0-0: Called Strike 0-1: Ball 1-1: Ball 2-1: Foul Ball, location: 2F 2-2: Ball 3-2: Ground out U3 (Groundball, 3, EV 103.8 MPH)
|
|
Batting: SHB Pat Wilson
|
0-0: Ball 1-0: Ball 2-0: Foul Ball, location: 2F 2-1: Foul Ball, location: 2F 2-2: Fly out, F5 (Line Drive, 6, EV 71.9 MPH)
|
|
Batting: LHB Tetsuya Oba
|
0-0: Reached on error, E3 (Groundball, 3, EV 102.5 MPH)
|
|
Batting: RHB Ron Johansen
|
0-0: Called Strike 0-1: Called Strike 0-2: Ball 1-2: Ball 2-2: Ball 3-2: Base on Balls Tetsuya Oba to second
|
|
Batting: SHB Bradley Barrowcliff
|
0-0: Ball 1-0: Called Strike 1-1: Ball 2-1: Foul Ball, location: 2F 2-2: Strikes out swinging
|
| Bottom of the 1st over - 0 runs, 0 hits, 1 error, 2 left on base; New Orleans 0 - Albuquerque 0 |
| TOP OF THE 2ND |
|
New Orleans Zephyrs batting - Pitching for Albuquerque Isotopes : RHP Jason Hamlyn
|
|
Batting: RHB Gebre-Giorgios Tikolo
|
0-0: Ball 1-0: Swinging Strike 1-1: Swinging Strike 1-2: Ball 2-2: Strikes out looking
|
|
Batting: LHB Gustavo Patella
|
0-0: Called Strike 0-1: Swinging Strike 0-2: Foul Ball, location: 2F 0-2: Ball 1-2: Ball 2-2: Ground out 4-3 (Groundball, 4, EV 81.9 MPH)
|
|
Batting: RHB Kyle Ashton
|
0-0: Ball 1-0: Ground out 5-3 (Groundball, 56S, EV 86.9 MPH)
|
| Top of the 2nd over - 0 runs, 0 hits, 0 errors, 0 left on base; New Orleans 0 - Albuquerque 0 |
| BOTTOM OF THE 2ND |
|
Albuquerque Isotopes batting - Pitching for New Orleans Zephyrs : RHP Chris Funderburg
|
|
Batting: LHB Enrique Andrade
|
0-0: Called Strike 0-1: Fly out, F6 (Popup, 6M, EV 66.9 MPH)
|
|
Batting: RHB Bobby Heagle
|
0-0: Called Strike 0-1: Called Strike 0-2: Ball 1-2: Strikes out looking
|
|
Batting: RHB Josh Baker
|
0-0: Ball 1-0: Ball 2-0: Foul Ball, location: 2F 2-1: Ground out 4-3 (Groundball, 4, EV 89.4 MPH)
|
| Bottom of the 2nd over - 0 runs, 0 hits, 0 errors, 0 left on base; New Orleans 0 - Albuquerque 0 |
| TOP OF THE 3RD |
|
New Orleans Zephyrs batting - Pitching for Albuquerque Isotopes : RHP Jason Hamlyn
|
|
Batting: RHB Humberto Oros
|
0-0: Ball 1-0: Called Strike 1-1: Called Strike 1-2: DOUBLE (Line Drive, 3D, EV 105.6 MPH)
|
|
Batting: RHB Katsutaka Inouye
|
0-0: Called Strike 0-1: Called Strike 0-2: Strikes out swinging
|
|
Batting: RHB Gavin Helton
|
0-0: Ground out 4-3 (Groundball, 4, EV 103.8 MPH) Humberto Oros to third
|
|
Batting: SHB Ramon Martinez
|
0-0: Ball 1-0: DOUBLE (Groundball, 3L, EV 99.4 MPH) Humberto Oros scores
|
|
Batting: RHB Alex Gomez
|
0-0: Foul Ball, location: 2F 0-1: Foul Ball, location: 2F 0-2: Ball 1-2: Foul Ball, location: 2F 1-2: Ground out 6-3 (Groundball, 6M, EV 80.6 MPH)
|
| Top of the 3rd over - 1 run, 2 hits, 0 errors, 1 left on base; New Orleans 1 - Albuquerque 0 |
| BOTTOM OF THE 3RD |
|
Albuquerque Isotopes batting - Pitching for New Orleans Zephyrs : RHP Chris Funderburg
|
|
Batting: RHB Ben Alspach
|
0-0: Swinging Strike 0-1: Ground out 4-3 (Groundball, 34D, EV 85.0 MPH)
|
|
Batting: LHB Tony Morales
|
0-0: Ball 1-0: Ball 2-0: Called Strike 2-1: Swinging Strike 2-2: Ball 3-2: Foul Ball, location: 2F 3-2: Fly out, F9 (Line Drive, 9D, EV 92.5 MPH)
|
|
Batting: SHB Pat Wilson
|
0-0: Foul Ball, location: 2F 0-1: Ball 1-1: Foul Ball, location: 2F 1-2: Ground out 4-3 (Groundball, 4, EV 81.2 MPH)
|
| Bottom of the 3rd over - 0 runs, 0 hits, 0 errors, 0 left on base; New Orleans 1 - Albuquerque 0 |
| TOP OF THE 4TH |
|
New Orleans Zephyrs batting - Pitching for Albuquerque Isotopes : RHP Jason Hamlyn
|
|
Batting: RHB Chris Lee
|
0-0: Called Strike 0-1: SINGLE (Flyball, 8RS, EV 86.2 MPH)
|
|
Batting: RHB Gebre-Giorgios Tikolo
|
0-0: Called Strike Chris Lee is caught stealing 2nd base 2-4 0-1: Fly out, F8 (Flyball, 8RD, EV 87.5 MPH)
|
|
Batting: LHB Gustavo Patella
|
0-0: Ball 1-0: Ball 2-0: Called Strike 2-1: Ball 3-1: Ground out U3 (Groundball, 34S, EV 89.4 MPH)
|
| Top of the 4th over - 0 runs, 1 hit, 0 errors, 0 left on base; New Orleans 1 - Albuquerque 0 |
| BOTTOM OF THE 4TH |
|
Albuquerque Isotopes batting - Pitching for New Orleans Zephyrs : RHP Chris Funderburg
|
|
Batting: LHB Tetsuya Oba
|
0-0: Ball 1-0: Ball 2-0: Ball 3-0: Base on Balls
|
|
Batting: RHB Ron Johansen
|
0-0: Called Strike 0-1: Called Strike 0-2: Ball 1-2: Ball 2-2: Strikes out looking
|
|
Batting: SHB Bradley Barrowcliff
|
0-0: Called Strike Tetsuya Oba steals 2nd, throwing error, E2 Tetsuya Oba to third 0-1: Called Strike 0-2: Ball 1-2: Ball 2-2: Strikes out swinging
|
|
Batting: LHB Enrique Andrade
|
0-0: Ball 1-0: SINGLE (Flyball, 8RS, EV 92.5 MPH) Tetsuya Oba scores
|
|
Batting: RHB Bobby Heagle
|
0-0: Ball 1-0: Called Strike 1-1: Ball 2-1: Fly out, F6 (Line Drive, 6, EV 62.5 MPH)
|
| Bottom of the 4th over - 1 run, 1 hit, 1 error, 1 left on base; New Orleans 1 - Albuquerque 1 |
| TOP OF THE 5TH |
|
New Orleans Zephyrs batting - Pitching for Albuquerque Isotopes : RHP Jason Hamlyn
|
|
Batting: RHB Kyle Ashton
|
0-0: Ground out 6-3 (Groundball, 6, EV 86.9 MPH)
|
|
Batting: RHB Humberto Oros
|
0-0: Called Strike 0-1: Ball 1-1: Ball 2-1: Ball 3-1: Fly out, F3 (Flyball, 34D, EV 85.0 MPH)
|
|
Batting: RHB Katsutaka Inouye
|
0-0: Called Strike 0-1: Ball 1-1: Ball 2-1: Called Strike 2-2: Strikes out swinging
|
| Top of the 5th over - 0 runs, 0 hits, 0 errors, 0 left on base; New Orleans 1 - Albuquerque 1 |
| BOTTOM OF THE 5TH |
|
Albuquerque Isotopes batting - Pitching for New Orleans Zephyrs : RHP Chris Funderburg
|
|
Batting: RHB Josh Baker
|
0-0: Fly out, F7 (Flyball, 7D, EV 97.5 MPH)
|
|
Batting: RHB Ben Alspach
|
0-0: Ball 1-0: Called Strike 1-1: Called Strike 1-2: Strikes out swinging
|
|
Batting: LHB Tony Morales
|
0-0: Ball 1-0: Called Strike 1-1: Ball 2-1: Foul Ball, location: 2F 2-2: Foul Ball, location: 2F 2-2: Foul Ball, location: 2F 2-2: Foul Ball, location: 2F 2-2: Fly out, F8 (Flyball, 8LD, EV 105.0 MPH)
|
| Bottom of the 5th over - 0 runs, 0 hits, 0 errors, 0 left on base; New Orleans 1 - Albuquerque 1 |
| TOP OF THE 6TH |
|
New Orleans Zephyrs batting - Pitching for Albuquerque Isotopes : RHP Jason Hamlyn
|
|
Batting: RHB Gavin Helton
|
0-0: Foul Ball, location: 2F 0-1: Ball 1-1: Foul Ball, location: 2F 1-2: Ball 2-2: Foul Ball, location: 2F 2-2: Ball 3-2: Fly out, F9 (Flyball, 9, EV 73.8 MPH)
|
|
Batting: SHB Ramon Martinez
|
0-0: Ground out U3 (Groundball, 34S, EV 88.8 MPH)
|
|
Batting: RHB Alex Gomez
|
0-0: Ball 1-0: Called Strike 1-1: Swinging Strike 1-2: Ball 2-2: Ball 3-2: Strikes out swinging
|
| Top of the 6th over - 0 runs, 0 hits, 0 errors, 0 left on base; New Orleans 1 - Albuquerque 1 |
| BOTTOM OF THE 6TH |
|
Albuquerque Isotopes batting - Pitching for New Orleans Zephyrs : RHP Chris Funderburg
|
|
Pitching: RHP Mike Myers
|
|
|
Batting: SHB Pat Wilson
|
0-0: Foul Ball, location: 2F 0-1: Foul Ball, location: 2F 0-2: Fly out, F7 (Flyball, 7S, EV 87.5 MPH)
|
|
Batting: LHB Tetsuya Oba
|
0-0: Ball 1-0: Ball 2-0: Ball 3-0: Base on Balls
|
|
Batting: RHB Ron Johansen
|
0-0: Called Strike Tetsuya Oba is caught stealing 2nd base 2-4 0-1: Ball 1-1: Foul Ball, location: 2F 1-2: Ground out 6-3 (Groundball, 6, EV 105.0 MPH)
|
| Bottom of the 6th over - 0 runs, 0 hits, 0 errors, 0 left on base; New Orleans 1 - Albuquerque 1 |
| TOP OF THE 7TH |
|
New Orleans Zephyrs batting - Pitching for Albuquerque Isotopes : RHP Jason Hamlyn
|
|
Batting: RHB Chris Lee
|
0-0: Called Strike 0-1: Swinging Strike 0-2: Foul Ball, location: 2F 0-2: SINGLE (Groundball, 56D, EV 104.4 MPH)
|
|
Batting: RHB Gebre-Giorgios Tikolo
|
0-0: Swinging Strike 0-1: Ball 1-1: Ball 2-1: Ball 3-1: Fly out, F7 (Flyball, 7LM, EV 85.0 MPH)
|
|
Batting: LHB Gustavo Patella
|
0-0: Ball Wild Pitch! Chris Lee to second 1-0: Ball Wild Pitch! Chris Lee to third 2-0: Ball 3-0: Called Strike 3-1: Base on Balls
|
|
Batting: RHB Kyle Ashton
|
0-0: Ball 1-0: Foul Ball, location: 2F Squeeze bunt is on, Chris Lee is out 1-2: Ground out 3-1 (Groundball, 34S, EV 88.1 MPH)
|
| Top of the 7th over - 0 runs, 1 hit, 0 errors, 1 left on base; New Orleans 1 - Albuquerque 1 |
| BOTTOM OF THE 7TH |
|
Albuquerque Isotopes batting - Pitching for New Orleans Zephyrs : RHP Mike Myers
|
|
Pitching: RHP David Laska
|
|
|
Batting: SHB Bradley Barrowcliff
|
0-0: Called Strike 0-1: Swinging Strike 0-2: Ground out 1-3 (Groundball, P, EV 73.1 MPH)
|
|
Batting: LHB Enrique Andrade
|
0-0: Ball 1-0: Ball 2-0: Ball 3-0: Base on Balls
|
|
Batting: RHB Bobby Heagle
|
0-0: Ball Enrique Andrade is caught stealing 2nd base 2-4 1-0: Fly out, F4 (Flyball, 4MD, EV 89.4 MPH)
|
| Bottom of the 7th over - 0 runs, 0 hits, 0 errors, 0 left on base; New Orleans 1 - Albuquerque 1 |
| TOP OF THE 8TH |
|
New Orleans Zephyrs batting - Pitching for Albuquerque Isotopes : RHP Jason Hamlyn
|
|
Pinch Hitting: LHB Adrian Young
|
0-0: Foul Ball, location: 2F 0-1: Ball 1-1: Ground out U3 (Groundball, 3, EV 106.9 MPH)
|
|
Batting: RHB Katsutaka Inouye
|
0-0: Ball 1-0: Foul Ball, location: 2F 1-1: Called Strike 1-2: Ball 2-2: Ground out 4-3 (Groundball, 34D, EV 88.1 MPH)
|
|
Batting: RHB Gavin Helton
|
0-0: Called Strike 0-1: Swinging Strike 0-2: Ball 1-2: Foul Ball, location: 2F 1-2: Strikes out swinging
|
| Top of the 8th over - 0 runs, 0 hits, 0 errors, 0 left on base; New Orleans 1 - Albuquerque 1 |
| BOTTOM OF THE 8TH |
|
Albuquerque Isotopes batting - Pitching for New Orleans Zephyrs : RHP David Laska
|
|
Pitching: RHP Matt Murray
|
|
|
Now at 1B: Adrian Young
|
|
|
Now at 2B: Kyle Ashton
|
|
|
Now at SS: Ramon Martinez
|
|
|
Now in CF: Gebre-Giorgios Tikolo
|
|
|
Batting: RHB Josh Baker
|
0-0: Ball 1-0: SINGLE (Groundball, 34D, EV 103.8 MPH)
|
|
Batting: RHB Ben Alspach
|
0-0: Ball 1-0: Foul Ball, location: 2F 1-1: Ball 2-1: Foul Ball, location: 2F 2-2: Strikes out swinging
|
|
Batting: LHB Tony Morales
|
0-0: Foul Ball, location: 2F 0-1: Foul Ball, location: 2F 0-2: SINGLE (Groundball, 3D, EV 103.8 MPH) Josh Baker to second Runner from 2nd tries for 3rd, SAFE, throw by RF made to third Tony Morales to second
|
|
Batting: SHB Pat Wilson
|
0-0: Ball 1-0: Swinging Strike 1-1: Foul Ball, location: 2F 1-2: Ball 2-2: Strikes out looking
|
|
Batting: LHB Tetsuya Oba
|
0-0: Ball 1-0: Ball 2-0: Swinging Strike 2-1: Ball 3-1: Base on Balls
|
|
Batting: RHB Ron Johansen
|
0-0: Foul Ball, location: 2F 0-1: Ball 1-1: Fielders Choice at 2nd, 5-4 (Groundball, 56, EV 80.0 MPH)
|
| Bottom of the 8th over - 0 runs, 2 hits, 0 errors, 3 left on base; New Orleans 1 - Albuquerque 1 |
| TOP OF THE 9TH |
|
New Orleans Zephyrs batting - Pitching for Albuquerque Isotopes : RHP Jason Hamlyn
|
|
Pitching: RHP Ernie Schmutz
|
|
|
Batting: SHB Ramon Martinez
|
0-0: Called Strike 0-1: Ball 1-1: Ground out 4-3 (Groundball, 4, EV 80.0 MPH)
|
|
Batting: RHB Alex Gomez
|
0-0: Ball 1-0: Called Strike 1-1: Hit by Pitch
|
|
Batting: RHB Chris Lee
|
0-0: Foul Ball, location: 2F 0-1: Ball 1-1: Ball 2-1: Foul Ball, location: 2F 2-2: Foul Ball, location: 2F 2-2: Foul Ball, location: 2F 2-2: Ball 3-2: Base on Balls Alex Gomez to second
|
|
Batting: RHB Gebre-Giorgios Tikolo
|
0-0: Swinging Strike 0-1: Foul Ball, location: 2F 0-2: Ball 1-2: Ball 2-2: Strikes out swinging
|
|
Batting: LHB Gustavo Patella
|
0-0: Called Strike 0-1: Ball 1-1: Ground out 4-3 (Groundball, 4D, EV 102.5 MPH)
|
| Top of the 9th over - 0 runs, 0 hits, 0 errors, 2 left on base; New Orleans 1 - Albuquerque 1 |
| BOTTOM OF THE 9TH |
|
Albuquerque Isotopes batting - Pitching for New Orleans Zephyrs : RHP Matt Murray
|
|
Pitching: RHP Javy Balderrama
|
|
|
Batting: SHB Bradley Barrowcliff
|
0-0: Called Strike 0-1: Swinging Strike 0-2: Ball 1-2: Ground out 4-3 (Groundball, 4, EV 88.1 MPH)
|
|
Batting: LHB Enrique Andrade
|
0-0: Called Strike 0-1: Ball 1-1: Ball 2-1: Ground out 5-3 (Groundball, 56, EV 97.5 MPH)
|
|
Batting: RHB Bobby Heagle
|
0-0: Ground out U3 (Groundball, 23, EV 83.8 MPH)
|
| Bottom of the 9th over - 0 runs, 0 hits, 0 errors, 0 left on base; New Orleans 1 - Albuquerque 1 |
| TOP OF THE 10TH |
|
New Orleans Zephyrs batting - Pitching for Albuquerque Isotopes : RHP Ernie Schmutz
|
|
Batting: RHB Kyle Ashton
|
0-0: Ball 1-0: Ball 2-0: Ground out 5-3 (Groundball, 56S, EV 76.2 MPH)
|
|
Batting: LHB Adrian Young
|
0-0: Ball 1-0: Ball 2-0: Foul Ball, location: 2F 2-1: Ball 3-1: Base on Balls
|
|
Batting: RHB Katsutaka Inouye
|
0-0: Called Strike 0-1: Called Strike 0-2: Strikes out looking
|
|
Pitching: LHP Jorge Segarra
|
|
|
Batting: RHB Gavin Helton
|
0-0: Foul Ball, location: 2F 0-1: Ball 1-1: Foul Ball, location: 2F 1-2: Foul Ball, location: 2F 1-2: Ball 2-2: Strikes out swinging
|
| Top of the 10th over - 0 runs, 0 hits, 0 errors, 1 left on base; New Orleans 1 - Albuquerque 1 |
| BOTTOM OF THE 10TH |
|
Albuquerque Isotopes batting - Pitching for New Orleans Zephyrs : RHP Javy Balderrama
|
|
Batting: RHB Josh Baker
|
0-0: Swinging Strike 0-1: Ball 1-1: Swinging Strike 1-2: Ground out U3 (Groundball, 34, EV 85.0 MPH)
|
|
Batting: RHB Ben Alspach
|
0-0: Called Strike 0-1: Swinging Strike 0-2: Foul Ball, location: 2F 0-2: Strikes out looking
|
|
Batting: LHB Tony Morales
|
0-0: Fly out, F9 (Flyball, 89M, EV 91.9 MPH)
|
| Bottom of the 10th over - 0 runs, 0 hits, 0 errors, 0 left on base; New Orleans 1 - Albuquerque 1 |
| TOP OF THE 11TH |
|
New Orleans Zephyrs batting - Pitching for Albuquerque Isotopes : LHP Jorge Segarra
|
|
Batting: SHB Ramon Martinez
|
0-0: Ball 1-0: Ball 2-0: Ball 3-0: Base on Balls
|
|
Batting: RHB Alex Gomez
|
0-0: Called Strike 0-1: Ball 1-1: Ball 2-1: Foul Ball, location: 2F 2-2: Foul Ball, location: 2F 2-2: Fly out, F4 (Popup, 4D, EV 68.1 MPH)
|
|
Batting: RHB Chris Lee
|
0-0: Fielders Choice at 2nd, 4-6 (Groundball, 34, EV 103.1 MPH)
|
|
Batting: RHB Gebre-Giorgios Tikolo
|
0-0: Ball 1-0: Called Strike 1-1: Foul Ball, location: 2F 1-2: Foul Ball, location: 2F 1-2: Ground out 6-3 (Groundball, 6S, EV 66.2 MPH)
|
| Top of the 11th over - 0 runs, 0 hits, 0 errors, 1 left on base; New Orleans 1 - Albuquerque 1 |
| BOTTOM OF THE 11TH |
|
Albuquerque Isotopes batting - Pitching for New Orleans Zephyrs : RHP Javy Balderrama
|
|
Batting: SHB Pat Wilson
|
0-0: Ball 1-0: Fly out, F8 (Flyball, 8RM, EV 93.1 MPH)
|
|
Batting: LHB Tetsuya Oba
|
0-0: Swinging Strike 0-1: Ball 1-1: Called Strike 1-2: Ball 2-2: Ball 3-2: Strikes out swinging
|
|
Batting: RHB Ron Johansen
|
0-0: Called Strike 0-1: Ball 1-1: Ball 2-1: Ball 3-1: Base on Balls
|
|
Batting: SHB Bradley Barrowcliff
|
0-0: Ball Ron Johansen steals 2nd base 1-0: Called Strike 1-1: Ball 2-1: Foul Ball, location: 2F 2-2: Ground out 4-3 (Groundball, 4, EV 100.0 MPH)
|
| Bottom of the 11th over - 0 runs, 0 hits, 0 errors, 1 left on base; New Orleans 1 - Albuquerque 1 |
| TOP OF THE 12TH |
|
New Orleans Zephyrs batting - Pitching for Albuquerque Isotopes : LHP Jorge Segarra
|
|
Pinch Hitting: RHB Bill de Jesus
|
0-0: Ground out 6-3 (Groundball, 6, EV 82.5 MPH)
|
|
Batting: RHB Kyle Ashton
|
0-0: Swinging Strike 0-1: Ball 1-1: Ball 2-1: Swinging Strike 2-2: Foul Ball, location: 2F 2-2: Ball 3-2: Foul Ball, location: 2F 3-2: Strikes out swinging
|
|
Batting: LHB Adrian Young
|
0-0: Ball 1-0: Ball 2-0: Ground out U3 (Groundball, 3, EV 100.6 MPH)
|
| Top of the 12th over - 0 runs, 0 hits, 0 errors, 0 left on base; New Orleans 1 - Albuquerque 1 |
| BOTTOM OF THE 12TH |
|
Albuquerque Isotopes batting - Pitching for New Orleans Zephyrs : RHP Javy Balderrama
|
|
Pitching: LHP Jordan Hernandez
|
|
|
Now in LF: Gebre-Giorgios Tikolo
|
|
|
Now in CF: Jesus Castillo
|
|
|
Batting: LHB Enrique Andrade
|
0-0: Called Strike 0-1: DOUBLE (Line Drive, 78XD, EV 103.8 MPH)
|
|
Batting: RHB Bobby Heagle
|
0-0: Ball 1-0: SINGLE (Groundball, 56D, EV 102.5 MPH) Enrique Andrade to third
|
|
Batting: RHB Josh Baker
|
0-0: Ball 1-0: Called Strike 1-1: Ball 2-1: Foul Ball, location: 2F 2-2: Ball 3-2: Base on Balls Bobby Heagle to second
|
|
Batting: RHB Ben Alspach
|
0-0: Called Strike 0-1: Ball 1-1: Foul Ball, location: 2F 1-2: Foul Ball, location: 2F 1-2: Ball 2-2: Foul Ball, location: 2F 2-2: Ball 3-2: GRAND SLAM HOME RUN (Flyball, 7D, EV 93.8 MPH), Distance : 370 ft
|
| Bottom of the 12th over - 4 runs, 3 hits, 0 errors, 0 left on base; New Orleans 1 - Albuquerque 5 |
| |
|
Game Over ... Albuquerque defeats New Orleans, 5 to 1
|
|
|